 Dungeon Crawl Stone Soup version 0.14-a0-1097-gc7db7fc (webtiles) character file.

1015 Psiweapon the Skirmisher (level 7, -1/55 HPs)
             Began as a Mummy Fighter on Nov 27, 2013.
             Slain by an ogre
             ... wielding a +0,+0 giant club
              (15 damage)
             ... on Level 5 of the Dungeon.
             The game lasted 00:15:02 (4421 turns).

Psiweapon the Skirmisher (Mummy Fighter)            Turns: 4421, Time: 00:15:02

HP  -1/55        AC  9     Str 21      XL: 7   Next: 59%
MP   6/6         EV  5     Int  7      God:
Gold 213         SH 19     Dex 11      Spells:  0 memorised,  6 levels left

rFire  x . .     SeeInvis .     p - +2 whip (freeze)
rCold  + . .     Clarity  .     o - +0 chain mail
rNeg   + + +     Conserve .     c - +0 shield
rPois  +         rCorr    .     (no helmet)
rElec  .         rRot     +     (no cloak)
SustAb . .       Spirit   .     (no gloves)
rMut   .         Warding  .     (no boots)
Saprov . . .     Stasis   .     (no amulet)
                                (no ring)
                                (no ring)

@: somewhat resistant to hostile enchantments, extremely unstealthy
A: no food or potions, fire vulnerability, restore body, cold resistance 1, life
protection 3, poison resistance, torment resistance, unbreathing
a: no special abilities


You were on level 5 of the Dungeon.
You were not hungry.

You visited 1 branch of the dungeon, and saw 5 of its levels.

You collected 213 gold pieces.

Inventory:

Hand weapons
 a - a +0,+0 mace
 n - a -1,+3 orcish whip
 p - a +2,+2 whip of freezing (weapon)
Missiles
 f - 2 stones (quivered)
 r - 2 throwing nets
Armour
 b - a +0 scale mail
 c - a +0 shield (worn)
 o - a +0 chain mail (worn)
Scrolls
 d - a scroll of enchant weapon II {unknown}
 e - a scroll of remove curse {unknown}
 g - a scroll of identify
 h - 2 scrolls of teleportation {unknown}
 i - 2 scrolls of fog {unknown}
 j - a scroll of curse weapon {unknown}
 k - a scroll of recharging {unknown}
 l - 2 scrolls of fear {unknown}
 m - a scroll of magic mapping {unknown}
Magical staves
 s - an uncursed staff of conjuration
Miscellaneous
 q - a plain deck of war {drawn: 1}


   Skills:
 + Level 5.1 Fighting
 + Level 3.8 Maces & Flails
 + Level 4.3 Armour
 + Level 4.2 Shields


You had 6 spell levels left.
You didn't know any spells.

Dungeon Overview and Level Annotations

Branches:
Dungeon (5/16)
 Temple: D:4-7

Altars:
Fedhas
Nemelex Xobeh
Sif Muna


Innate Abilities, Weirdness & Mutations

You do not eat or drink.
Your flesh is vulnerable to fire.
Your flesh is cold resistant.
You are immune to negative energy.
Your system is resistant to poisons.
You are immune to unholy pain and torment.
You can survive without breathing.


Message History

The jackal zombie bites you but does no damage.
You hit the jackal zombie.
You destroy the jackal zombie!
The centaur shoots an arrow.
The arrow hits you!
The centaur shoots an arrow.
The arrow hits you!
* * * LOW HITPOINT WARNING * * *
The centaur unwields an uncursed bow.
The centaur hits you but does no damage.
You hit the centaur. You freeze the centaur.
The centaur is heavily wounded.
The centaur hits you but does no damage.
The centaur hits you.
* * * LOW HITPOINT WARNING * * *
The centaur wields an uncursed bow.
The centaur shoots an arrow.
You block the arrow.
You see here 3 arrows.
You hit the ogre. You freeze the ogre.
The ogre is lightly wounded.
The ogre hits you with a giant club!
You die...

##################
#.<...(cO@...?.!..
#.[.....##########
#...........
#.......####
#.......#
####..#... #..#...
#..#... #.....


You could see an ogre and a centaur.

Vanquished Creatures
  Pikel (D:3)
  An ogre (D:4)
  A centaur (D:3)
  A scorpion (D:4)
  An orc wizard (D:3)
  2 adders (D:3)
  4 worms
  2 giant geckos
  An ooze (D:2)
  8 orcs (D:3)
  5 giant cockroaches
  4 hobgoblins
  11 kobolds
  10 bats
  4 giant newts
  13 goblins
  5 jackals
  A jackal zombie (D:5)
  A quokka skeleton (D:4)
  7 rats
83 creatures vanquished.

Vanquished Creatures (others)
  3 gnolls (D:4)
  An adder (D:4)
  A giant eyeball (D:4)
  A giant cockroach (D:4)
  A hobgoblin (D:4)
  4 jackals (D:4)
  A quokka (D:4)
  A bush (D:3)
13 creatures vanquished.

Grand Total: 96 creatures vanquished

Notes
Turn   | Place    | Note
--------------------------------------------------------------
     0 | D:1      | Psiweapon, the Mummy Fighter, began the quest for the Orb.
     0 | D:1      | Reached XP level 1. HP: 18/18 MP: 0/0
   273 | D:1      | Reached XP level 2. HP: 24/24 MP: 1/1
  1196 | D:1      | Reached XP level 3. HP: 28/30 MP: 2/2
  1391 | D:2      | Found a deep blue altar of Sif Muna.
  2457 | D:3      | Reached XP level 4. HP: 34/36 MP: 3/3
  3062 | D:3      | Found a blossoming altar of Fedhas.
  3062 | D:3      | Noticed a centaur
  3167 | D:3      | Killed a centaur
  3167 | D:3      | Reached skill level 4 in Fighting
  3167 | D:3      | Reached XP level 5. HP: 9/42 MP: 4/4
  3651 | D:4      | Noticed Pikel
  3651 | D:4      | Noticed a slave
  3651 | D:4      | Noticed a slave
  3651 | D:4      | Noticed a slave
  3651 | D:4      | Noticed a slave
  3679 | D:3      | Killed Pikel
  3679 | D:3      | Reached skill level 5 in Fighting
  3679 | D:3      | Reached XP level 6. HP: 14/49 MP: 5/5
  3679 | D:3      | Reached XP level 7. HP: 15/55 MP: 6/6
  4098 | D:4      | Found a sparkling altar of Nemelex Xobeh.
  4104 | D:4      | Noticed an ogre
  4117 | D:4      | Killed an ogre
  4395 | D:5      | Entered Level 5 of the Dungeon
  4421 | D:5      | Slain by an ogre

Action                   |  1- 3 |  4- 6 |  7- 9 || total
-------------------------+-------+-------+-------++-------
Melee: Mace              |   200 |   137 |       ||   337
       Whip              |       |       |    60 ||    60
Throw: Stone             |    61 |    11 |     2 ||    74
Evoke: Deck              |       |       |     1 ||     1
  Use: Scroll            |       |       |     1 ||     1
